 Dungeon Crawl Stone Soup version 0.28.0-45-g0d030f2227 (webtiles) character file.

Game seed: 6612110937036719688

23053 protoss039 the Fighter (level 12, -10/98 HPs)
             Began as a Demonspawn Earth Elementalist on May 14, 2022.
             Was an Elder of Vehumet.
             Mangled by a very large slime creature (43 damage)
             ... on level 13 of the Dungeon.
             The game lasted 00:51:51 (21069 turns).

protoss039 the Fighter (DsEE)                      Turns: 21069, Time: 00:51:52

Health: -10/98     AC: 18    Str: 11    XL:     12   Next: 68%
Magic:  4/25       EV: 10    Int: 21    God:    Vehumet [****..]
Gold:   949        SH:  9    Dex: 19    Spells: 8/30 levels left

rFire   . . .      SeeInvis .   b - +4 rapier "Vigoehix" {vorpal, Str+3 Dex+4}
rCold   . . .      Faith    .   G - +0 kite shield
rNeg    . . .      Spirit   .   D - +2 robe {Archmagi}
rPois   .          Reflect  .   d - +0 helmet
rElec   .          Harm     .   O - +2 cloak
rCorr   .          Rampage  .   w - +0 pair of gloves
Will    .....      Archmagi +   S - +0 pair of boots
Stlth   +++.......              (no amulet)
HPRegen 0.26/turn               i - +4 ring of protection
MPRegen 0.19/turn               t - ring of wizardry

@: no status effects
A: powered by pain 1, sharp scales 3, demonic touch 1
a: Renounce Religion


You were on level 13 of the Dungeon.
You worshipped Vehumet.
Vehumet was greatly pleased with you.
You visited 2 branches of the dungeon, and saw 14 of its levels.
You also visited: Gauntlet.

You collected 1146 gold pieces.
You spent 197 gold pieces at shops.

Inventory:

Hand Weapons
 a - a +2 dagger of venom
 b - the +4 rapier "Vigoehix" (weapon) {vorpal, Str+3 Dex+4}
   (You found it on level 6 of the Dungeon)

   It inflicts extra damage upon your enemies.
   Str:       It affects your strength (+3).
   Dex:       It affects your dexterity (+4).
Missiles
 c - 280 stones
 R - a throwing net
 V - 5 silver javelins
Armour
 d - a +0 helmet (worn)
 w - a +0 pair of gloves (worn)
 z - a +0 leather armour of fire resistance
 D - a +2 robe of the Archmagi (worn)
 G - a +0 kite shield (worn)
 N - +0 acid dragon scales
 O - a +2 cloak (worn)
 P - a +4 scale mail of willpower
 S - a +0 pair of boots (worn)
Jewellery
 i - a +4 ring of protection (left hand)
 t - a ring of wizardry (right hand)
 y - a ring of ice
 J - a ring of protection from fire
 T - the ring "Rafiusk" {Fly Str-4 Dex+6 Slay+4}
   (You found it in a Gauntlet)

   [ring of slaying]

   Str:       It affects your strength (-4).
   Dex:       It affects your dexterity (+6).
   Slay:      It affects your accuracy & damage with ranged weapons and melee
   (+4).
   Fly:       It grants you flight.
Wands
 f - a wand of flame (5)
 C - a wand of mindburst (36)
 H - a wand of paralysis (20)
 M - a wand of iceblast (6)
 Y - a wand of digging (6)
 Z - a wand of polymorph (6)
Scrolls
 e - 3 scrolls of enchant armour
 g - 3 scrolls of magic mapping
 k - a scroll of fog
 l - 4 scrolls of enchant weapon
 n - a scroll of brand weapon {unknown}
 r - a scroll of identify
 v - a scroll of noise {unknown}
 x - 4 scrolls of teleportation
 A - 4 scrolls of immolation
 B - 2 scrolls of amnesia
 F - a scroll of acquirement {unknown}
 L - a scroll of silence {unknown}
 W - 2 scrolls of fear
Potions
 h - a potion of curing
 j - 6 potions of brilliance
 m - 4 potions of mutation
 o - a potion of might {unknown}
 p - a potion of magic {unknown}
 q - a potion of resistance {unknown}
 s - 2 potions of haste
 u - a potion of heal wounds
 E - a potion of lignification {unknown}
 I - 2 potions of flight
 K - 2 potions of ambrosia {unknown}
 Q - a potion of invisibility {unknown}
 X - a potion of berserk rage {unknown}
Miscellaneous
 U - a condenser vane


   Skills:
 + Level 10.4 Fighting
 + Level 5.8 Armour
 - Level 1.7 Dodging
 - Level 3.0 Stealth
 * Level 2.5 Shields
 * Level 9.9 Spellcasting
 + Level 8.9 Conjurations
 - Level 1.0 Transmutations
 + Level 5.6 Fire Magic
 + Level 8.4 Earth Magic


You had 8 spell levels left.
You knew the following spells:

 Your Spells              Type           Power      Damage    Failure   Level
a - Sandblast             Erth           100%       2d20      1%          1
b - Passwall              Tmut/Erth      37%        N/A       1%          2
c - Stone Arrow           Conj/Erth      100%       3d13      1%          3
d - Flame Wave            Conj/Fire      57%        2d11      1%          4
e - Starburst             Conj/Fire      28%        6d9       17%         6
f - Swiftness             Air            15%        N/A       26%         3
g - Mephitic Cloud        Conj/Pois/Air  34%        N/A       2%          3

Your spell library contained the following spells:

 Spells                   Type           Power      Damage    Failure   Level
 Frozen Ramparts          Ice            30%        1d5       8%          3
 Scorch                   Fire           100%       2d10      1%          2
 Dazzling Flash           Conj/Hex       86%        N/A       1%          3
 Inner Flame              Hex/Fire       33%        N/A       2%          3
 Iskenderun's Mystic Bla  Conj/Tloc      43%        2d10      4%          4
 Animate Skeleton         Necr           30%        N/A       9%          1
 Apportation              Tloc           30%        N/A       9%          1
 Pain                     Necr           60%        1d7       9%          1
 Summon Small Mammal      Summ           60%        N/A       9%          1
 Petrify                  Tmut/Erth      45%        N/A       12%         4
 Ensorcelled Hibernation  Hex/Ice        30%        N/A       13%         2
 Ozocubu's Armour         Ice            15%        N/A       26%         3
 Vampiric Draining        Necr           15%        2d7       26%         3
 Animate Dead             Necr           7%         N/A       61%         4
 Cause Fear               Hex            7%         N/A       61%         4
 Summon Cactus Giant      Summ           7%         N/A       100%        6
 Haunt                    Necr/Summ      7%         N/A       100%        7
 Ozocubu's Refrigeration  Ice            7%         4d6       100%        7
 Discord                  Hex            7%         N/A       100%        8
 Infestation              Necr           7%         N/A       100%        8


Dungeon Overview and Level Annotations

Branches:
Dungeon (13/15)            Temple (1/1) D:7            Lair (0/6) D:9
    Orc (0/2) D:11        Gauntlet (visited)
 Vaults: D:13-14

Altars:
Ashenzari
Cheibriados
Dithmenos
Elyvilon
Fedhas
Gozag
Hepliaklqana
Kikubaaqudgha
Makhleb
Nemelex Xobeh
Okawaru
Qazlal
Ru
Sif Muna
Trog
Uskayaw
Vehumet
Wu Jian
Xom
Yredelemnul
Zin
The Shining One

Shops:
D:3 ?:*   D:5 **

Annotations:
D:13 1 transporter, Maurice; jacek's ghost, novice DDCA


Innate Abilities, Weirdness & Mutations

You sometimes gain a little power by taking damage.
You are completely covered in razor-sharp scales. (AC +3, Slay +3)
Your touch may inflict minor irresistible damage on your foes.


Message History

Unknown command.
Casting: Stone Arrow (safe; 1% risk of failure)
Confirm with . or Enter, or press ? or * to list all spells.
Aiming: Stone Arrow (safe; 1% risk of failure)
Press: ? - help, Shift-Dir - straight line, f/p - large slime creature
Aim: a large slime creature (severely wounded, 95% to hit)
You feel a surge of power!
The stone arrow hits the large slime creature!!
The large slime creature is almost dead.
Two slime creatures merge to form a very large slime creature.
Unknown command.
Casting: Stone Arrow (safe; 1% risk of failure)
Confirm with . or Enter, or press ? or * to list all spells.
Aiming: Stone Arrow (safe; 1% risk of failure)
Press: ? - help, Shift-Dir - straight line, f/p - very large slime creature
Aim: a very large slime creature (heavily wounded, 95% to hit)
You feel a surge of power!
The stone arrow hits the very large slime creature!!
The very large slime creature is severely wounded.
Unknown command.
Unknown command.
Casting: Stone Arrow (safe; 1% risk of failure)
Confirm with . or Enter, or press ? or * to list all spells.
Aiming: Stone Arrow (safe; 1% risk of failure)
Press: ? - help, Shift-Dir - straight line, f/p - very large slime creature
Aim: a very large slime creature (severely wounded, 95% to hit)
You feel a surge of power!
The stone arrow hits the very large slime creature!
The very large slime creature is almost dead.
You block the very large slime creature's attack.
Casting: Stone Arrow (safe; 1% risk of failure)
Confirm with . or Enter, or press ? or * to list all spells.
Aiming: Stone Arrow (safe; 1% risk of failure)
Press: ? - help, Shift-Dir - straight line, f/p - very large slime creature
Aim: a very large slime creature (almost dead, 95% to hit)
You feel a surge of power!
The stone arrow hits the very large slime creature!!
The very large slime creature is almost dead.
The very large slime creature hits you!!!
You die...

##......^..^..........
#.......^.....).......
#........^.........#+#
#..................#..
#.#................##.
#.#.....^.^.........#.
#.#..^..............##
#............####.....
####.@.....#....#.....
#..J....#....#.....
#..<....#....#.....
#.......+.)..'.####
#.......#....#.#
##......######.#
#.........JJ..#
#.....#######.###
#.....# #...##


You could see a very large slime creature.

Vanquished Creatures
  A minotaur (Gauntlet)
  A boulder beetle (D:10)
  A ghost crab (Gauntlet)
  A centaur warrior (D:13)
  A death knight (D:12)
  5 two-headed ogres
  Urug (D:13)
  Sonja (D:12)
  A soul eater (Gauntlet)
  Pikel (D:2)
  2 manticores (D:13)
  2 ugly things
  2 cyclopes
  Maggie (D:9)
  2 komodo dragons
  An unseen horror (D:10)
  2 trolls
  A meliai (D:10)
  Grinder (D:5)
  A hornet (D:8)
  3 slime creatures
  A vampire (D:10)
  A shadow (D:12)
  Sigmund (D:5)
  2 basilisks
  5 yaks (D:11)
  2 steam dragons
  Eustachio (D:5)
  4 vampire mosquitoes (D:11)
  Edmund (D:6)
  2 swamp worms (Gauntlet)
  2 acid dragons
  Duvessa (D:3)
  2 hornet zombies
  10 orc warriors
  2 ice beasts
  4 sky beasts
  A black bear (D:7)
  A necrophage (D:6)
  2 wolves (D:9)
  4 centaurs
  3 ogres
  3 phantoms
  2 lemures (D:5)
  3 kobold brigands
  4 bullfrogs
  2 water moccasin zombies (D:6)
  6 scorpions
  A gnoll sergeant (D:13)
  Dowan (D:4)
  A water moccasin skeleton (D:6)
  6 howler monkeys
  4 wights (D:8)
  2 electric eels (D:9)
  6 centaur zombies
  A bullfrog zombie (D:5)
  8 hounds
  4 jellies
  3 bullfrog skeletons
  2 gnoll shamans
  8 orc priests
  4 centaur skeletons
  Ijyb (D:4)
  Terence (D:3)
  2 iguanas
  10 orc wizards
  A killer bee zombie (D:7)
  16 gnolls
  6 adders
  4 shadow imps (Gauntlet)
  4 white imps
  An ufetubus (D:7)
  3 dart slugs
  55 orcs
  8 endoplasms
  2 giant cockroaches (D:1)
  7 hobgoblins
  3 jackals (D:4)
  3 quokkas
  8 ball pythons
  6 bats
  3 frilled lizards (D:1)
  14 goblins
  A jackal skeleton (D:3)
  17 kobolds
  3 rats (D:1)
  A spectral orc (D:5)
335 creatures vanquished.

Vanquished Creatures (others)
  An orc (D:8)
  14 demonic plants (Gauntlet)
  21 fungi
  16 plants (Gauntlet)
52 creatures vanquished.

Grand Total: 387 creatures vanquished

Notes
Turn   | Place    | Note
-------+----------+-------------------------------------------
     0 | D:1      | protoss039 the Demonspawn Earth Elementalist began the
                  | quest for the Orb.
     0 | D:1      | Reached XP level 1. HP: 13/13 MP: 3/3
    34 | D:1      | Reached skill level 1 in Transmutations
   303 | D:1      | Gained mutation: You are partially covered in razor-sharp
                  | scales. (AC +1, Slay +1) [demonic ancestry]
   303 | D:1      | Reached XP level 2. HP: 17/20 MP: 5/5
   489 | D:1      | Reached skill level 1 in Fighting
   731 | D:1      | Found a faded altar of an unknown god.
   813 | D:1      | Reached XP level 3. HP: 25/26 MP: 6/6
  1092 | D:2      | Learned a level 2 spell: Passwall
  1096 | D:2      | Learned a level 3 spell: Stone Arrow
  1215 | D:2      | Reached skill level 1 in Armour
  2011 | D:3      | Found Bussorep's Assorted Antiques.
  2011 | D:3      | Noticed Terence
  2303 | D:3      | Reached skill level 2 in Fighting
  2332 | D:3      | Gained mutation: You sometimes gain a little power by
                  | taking damage. [demonic ancestry]
  2332 | D:3      | Reached XP level 4. HP: 27/33 MP: 7/7
  2370 | D:3      | Found Jaafew's Book Shoppe.
  2380 | D:3      | Found Pits's Magic Scroll Emporium.
  2393 | D:3      | Bought a scroll of identify for 24 gold pieces
  2393 | D:3      | Bought a scroll of identify for 24 gold pieces
  2393 | D:3      | Bought a scroll of identify for 24 gold pieces
  2565 | D:3      | Found an iron altar of Okawaru.
  2597 | D:3      | Killed Terence
  2780 | D:3      | Bought a scroll labelled GOUMME TEN CUY for 25 gold pieces
  2780 | D:3      | Bought a scroll labelled REJAHA LUFI for 25 gold pieces
  3263 | D:4      | Noticed a scorpion
  3264 | D:4      | Killed a scorpion
  3264 | D:4      | Noticed Ijyb
  3265 | D:4      | Reached skill level 1 in Conjurations
  3265 | D:4      | Reached XP level 5. HP: 39/39 MP: 5/9
  3267 | D:4      | Paralysed by Ijyb for 2 turns
  3271 | D:4      | Killed Ijyb
  3348 | D:4      | Noticed Duvessa
  3349 | D:4      | Noticed Dowan
  3356 | D:4      | Killed Dowan
  3357 | D:4      | Reached skill level 3 in Fighting
  3654 | D:4      | Noticed an ogre
  3659 | D:4      | Killed an ogre
  3660 | D:4      | Reached XP level 6. HP: 47/47 MP: 4/11
  3952 | D:3      | Killed Duvessa
  4194 | D:4      | Found a sparkling altar of Nemelex Xobeh.
  4388 | D:4      | Gained mutation: You are mostly covered in razor-sharp
                  | scales. (AC +2, Slay +2) [demonic ancestry]
  4388 | D:4      | Reached XP level 7. HP: 27/53 MP: 0/13
  4655 | D:4      | Reached skill level 4 in Fighting
  5076 | D:4      | Found a hazy altar of Hepliaklqana.
  5159 | D:4      | Found a blossoming altar of Fedhas.
  5313 | D:5      | Entered Level 5 of the Dungeon
  5453 | D:5      | Noticed Sigmund
  5461 | D:5      | Killed Sigmund
  5564 | D:5      | Noticed Eustachio
  5592 | D:5      | Gained mutation: Your touch may inflict minor irresistible
                  | damage on your foes. [demonic ancestry]
  5592 | D:5      | Reached XP level 8. HP: 31/61 MP: 10/15
  5849 | D:5      | Found Ekehixi's General Store.
  5851 | D:5      | Found Texaemets's Specific Store.
  5859 | D:5      | Bought a scroll of blinking for 75 gold pieces
  5893 | D:5      | Found a snail-covered altar of Cheibriados.
  6105 | D:5      | Noticed Grinder
  6124 | D:5      | Killed Grinder
  6125 | D:5      | Reached skill level 5 in Fighting
  6125 | D:5      | Reached skill level 5 in Spellcasting
  7169 | D:5      | Noticed Pikel
  7169 | D:5      | Paralysed by Pikel for 4 turns
  7305 | D:2      | Killed Pikel
  7306 | D:2      | Reached skill level 6 in Fighting
  7306 | D:2      | Reached skill level 5 in Conjurations
  7306 | D:2      | Gained mutation: You are completely covered in razor-sharp
                  | scales. (AC +3, Slay +3) [demonic ancestry]
  7306 | D:2      | Reached XP level 9. HP: 12/69 MP: 0/18
  7784 | D:5      | Found a basalt altar of Yredelemnul.
  7952 | D:5      | Killed Eustachio
  8069 | D:5      | Learned a level 4 spell: Flame Wave
  8110 | D:6      | Reached skill level 5 in Earth Magic
  8433 | D:6      | Found a bloodstained altar of Trog.
  8879 | D:6      | Reached skill level 1 in Fire Magic
  8930 | D:6      | Reached skill level 7 in Fighting
  9372 | D:6      | Noticed Edmund
  9377 | D:6      | Killed Edmund
  9395 | D:6      | Identified the +4 rapier "Vigoehix" {vorpal, Str+3 Dex+4}
  9616 | D:7      | Found a staircase to the Ecumenical Temple.
  9641 | Temple   | Entered the Ecumenical Temple
  9881 | Temple   | Became a worshipper of Vehumet
 10719 | D:7      | Reached XP level 10. HP: 79/79 MP: 13/20
 11101 | D:7      | Found a hide-covered altar of Uskayaw.
 11101 | D:7      | Found a broken altar of Ashenzari.
 11102 | D:7      | Found a shimmering blue altar of Sif Muna.
 11102 | D:7      | Found a burning altar of Makhleb.
 11117 | D:7      | Reached * piety under Vehumet
 11117 | D:7      | Offered knowledge of Shock by Vehumet.
 11581 | D:8      | Found a hide-covered altar of Uskayaw.
 11723 | D:8      | Reached skill level 8 in Fighting
 12829 | D:9      | Found a staircase to the Lair.
 12857 | D:9      | Reached ** piety under Vehumet
 12857 | D:9      | Offered knowledge of Magic Dart by Vehumet.
 13561 | D:9      | Noticed Maggie
 13567 | D:9      | Killed Maggie
 13568 | D:9      | Reached XP level 11. HP: 76/87 MP: 12/23
 13647 | D:9      | Noticed a two-headed ogre
 13652 | D:9      | Killed a two-headed ogre
 13798 | D:9      | Found a burning altar of Makhleb.
 13844 | D:9      | Offered knowledge of Ignite Poison by Vehumet.
 14295 | D:9      | Noticed a two-headed ogre
 14301 | D:9      | Killed a two-headed ogre
 14301 | D:9      | Reached *** piety under Vehumet
 14711 | D:9      | Learned a level 6 spell: Starburst
 14712 | D:10     | Entered Level 10 of the Dungeon
 14907 | D:10     | Noticed a two-headed ogre
 14930 | D:10     | Reached skill level 9 in Fighting
 14931 | D:10     | Killed a two-headed ogre
 15235 | D:10     | Found a shimmering altar of Xom.
 15485 | D:10     | Noticed a two-headed ogre
 15489 | D:10     | Killed a two-headed ogre
 15756 | D:10     | Offered knowledge of Mephitic Cloud by Vehumet.
 15997 | D:10     | Learned a level 3 spell: Mephitic Cloud
 16000 | D:10     | Noticed a boulder beetle
 16020 | D:10     | Killed a boulder beetle
 16142 | D:11     | Found a gate leading to a gauntlet.
 16159 | Gauntlet | Entered a Gauntlet
 16159 | Gauntlet | Found a transporter.
 16163 | Gauntlet | Noticed a soul eater
 16169 | Gauntlet | Found a transporter.
 16183 | Gauntlet | Found a transporter.
 16185 | Gauntlet | Noticed a cacodemon
 16188 | Gauntlet | Found a transporter.
 16203 | Gauntlet | Found a transporter.
 16217 | Gauntlet | Noticed a fire crab
 16222 | Gauntlet | Found a transporter.
 16230 | Gauntlet | Noticed a ghost crab
 16234 | Gauntlet | Found a transporter.
 16253 | Gauntlet | Found a transporter.
 16254 | Gauntlet | Noticed a seven-headed hydra
 16265 | Gauntlet | Found a transporter.
 16284 | Gauntlet | Found a transporter.
 16308 | Gauntlet | Found a transporter.
 16325 | Gauntlet | Found a transporter.
 16327 | Gauntlet | Found a transporter.
 16328 | Gauntlet | Noticed an oklob plant
 16354 | Gauntlet | Found a transporter.
 16374 | Gauntlet | Found a transporter.
 16464 | Gauntlet | Found a transporter.
 16464 | Gauntlet | Found a transporter.
 16573 | Gauntlet | Found a transporter.
 16651 | Gauntlet | Identified the +5 mace "Hulk" {speed, rC- rN+ Str+5 Int+2}
 16728 | Gauntlet | Killed a soul eater
 16729 | Gauntlet | Reached skill level 5 in Armour
 16982 | Gauntlet | Killed a ghost crab
 17013 | Gauntlet | Identified the ring "Rafiusk" {Fly Str-4 Dex+6 Slay+4}
 17052 | Gauntlet | Noticed a minotaur
 17061 | Gauntlet | Killed a minotaur
 17225 | D:11     | Found a staircase to the Orcish Mines.
 17259 | D:11     | Noticed a purple ugly thing
 17272 | D:11     | Killed a purple ugly thing
 17273 | D:11     | Reached XP level 12. HP: 75/97 MP: 18/25
 17846 | D:11     | Reached **** piety under Vehumet
 18053 | D:11     | Reached skill level 10 in Fighting
 18053 | D:11     | Reached skill level 5 in Fire Magic
 18287 | D:11     | Offered knowledge of Frozen Ramparts by Vehumet.
 18770 | D:12     | Noticed a death knight
 18788 | D:12     | Killed a death knight
 18901 | D:12     | Noticed a two-headed ogre
 18909 | D:12     | Killed a two-headed ogre
 19427 | D:12     | Learned a level 3 spell: Swiftness
 19909 | D:12     | Noticed Sonja
 19913 | D:12     | Killed Sonja
 19914 | D:12     | Reached skill level 1 in Shields
 20048 | D:12     | Found a hazy altar of Hepliaklqana.
 20306 | D:13     | Noticed a death knight
 20308 | D:13     | Found a transporter.
 20308 | D:13     | Noticed jacek's ghost (novice DDCA)
 20651 | D:13     | Noticed Maurice
 20783 | D:13     | Noticed a centaur warrior
 20788 | D:13     | Killed a centaur warrior
 20927 | D:13     | Noticed Urug
 20930 | D:13     | Paralysed by Urug for 6 turns
 20943 | D:13     | Killed Urug
 21069 | D:13     | Mangled by a very large slime creature

Illustrated notes

Levels and vault maps discovered:
D:1:      dpeg_arrival_morbid_curiosity, layout_rooms, basic_ecumenical_altar
D:2:      layout_rooms, minivault_5
D:3:      layout_loops_corners, mainiacjoe_overflow_boulevard, serial_shops,
          shop, nicolae_shop_crystal, shop, minmay_pentomino_pile, uniq_terence
D:4:      layout_cave_pools, nicolae_tso_swordbearing_angel,
          kennysheep_mini_moat, mainiacjoe_overflow_alcove_2,
          nemelex_xobeh_ov_fountains_minmay, uniq_duvessa, uniq_ijyb
D:5:      layout_layer_cave, yredelemnul_forgotten_temple_becter,
          nicolae_overflow_hidden_temple, nicolae_specific_store,
          guppyfry_early_orc_mine, uniq_sigmund, uniq_pikel, uniq_grinder,
          uniq_eustachio
D:6:      old_forge, layout_loops_ring, lemuel_round_altar, minivault_11,
          minmay_splitting_lines, uniq_edmund
D:7:      minmay_the_grid_octo_tiled_squarecenter
          [minmay_the_grid_octo_checkerflower, minmay_the_grid_octo_fan_narrow,
          minmay_the_grid_octo_shrine, minmay_the_grid_octo_toaster,
          minmay_the_grid_square_5x5_megaprize_hollow,
          minmay_the_grid_square_5x5_n, minmay_the_grid_square_5x5_beaten_path,
          minmay_the_grid_square_5x5_v, minmay_the_grid_square_5x5_moneybag],
          layout_basic
D:8:      layout_rooms, eat_drink_and_be_merry_uskayaw, st_stairs_12
D:9:      layout_small_grid, bloody_makhleb, erik_lair_island, special_room
          [special_room_orc], uniq_maggie
D:10:     cheibrodos_elevator_heist, layout_irregular_city, lemuel_doored_altar,
          kennysheep_generic_room_10
D:11:     layout_basic, orc_0_dummy, gauntlet_entry_generic
D:12:     layout_loops_corners, nicolae_hepliaklqana_hippocampus, uniq_sonja
D:13:     layout_irregular_city, gammafunk_ghost_mausoleum,
          corexii_hall_statues_x, minmay_holes, solitary_fountain, uniq_urug,
          uniq_maurice
Temple:   minmay_temple_curvy_loop

Skill      XL: |  1  2  3  4  5  6  7  8  9 10 11 12 |
---------------+-------------------------------------+-----
Transmutations | 1 |  1.0
Fighting       | 1 2 3 4 6 7 8 9 10 | 10.4
Armour         | 1 2 3 4 5 |  5.8
Earth Magic    | 3 4 5 6 7 8 |  8.4
Spellcasting   | 3 4 6 7 8 9 |  9.9
Conjurations   | 1 2 3 5 6 7 8 |  8.9
Fire Magic     | 2 3 4 5 |  5.6
Stealth        | 2 3 |  3.0
Shields        | 2 |  2.5
Dodging        | |  1.7

Action                   |  1- 3 |  4- 6 |  7- 9 | 10-12 || total
-------------------------+-------+-------+-------+-------++-------
Melee: Whip              |    62 |    48 |    71 |       ||   181
       Spear             |   110 |       |       |       ||   110
       Punch             |     2 |       |     2 |     4 ||     8
       Touch             |       |       |    15 |    48 ||    63
       Rapier            |       |       |     5 |   211 ||   216
       Dagger            |       |       |       |     9 ||     9
 Cast: Sandblast         |     8 |    29 |    97 |    33 ||   167
       Stone Arrow       |     1 |    15 |    94 |   231 ||   341
       Mephitic Cloud    |       |       |       |    25 ||    25
       Starburst         |       |       |       |    10 ||    10
       Flame Wave        |       |       |       |     4 ||     4
Evoke: Wand              |       |     3 |    12 |     7 ||    22
  Use: Scroll            |       |     4 |     6 |    11 ||    21
       Potion            |       |     1 |     3 |     4 ||     8
 Stab: Sleeping          |    12 |       |     1 |     4 ||    17
       Paralysed         |       |     8 |       |       ||     8
       Confused          |       |       |       |     4 ||     4
Armor: Robe              |    38 |    17 |    74 |     9 ||   138
       Chain mail        |       |       |     7 |       ||     7
       Leather armour    |       |       |     7 |       ||     7
       Steam dragon scal |       |       |     4 |   113 ||   117
       Acid dragon scale |       |       |       |    70 ||    70
       Scale mail        |       |       |       |     6 ||     6
Dodge: Dodged            |    93 |    51 |   103 |   184 ||   431
Block: Kite shield       |       |       |       |     9 ||     9
